AoeStats
← flem.TheLastBender

Black Forest

509943922Analyzed
4v4 RM · 5d ago on Sep 28, 2026· 56m 58s· 8 players
Game mode
Random Map
Map size
Large (8 player)
Population
200
Speed
Normal
Resources
Standard
Victory
Conquest
Starting age
Dark Age
Ending age
Imperial Age
RankedLock teamsTeams togetherTeam positionsShared explorationLock speedFull tech treeHidden civsTurbo modeCheats
Victory
Defeat
🇧🇪 Danes · Belgium
1580
+14
🇳🇱 Berbers · Netherlands
1554
+16
🇧🇪 Slavs · Belgium
1553
+16
🇳🇱 Bohemians · Netherlands
1515
+17
🇩🇪 Berbers · Germany
1595
-17
🇲🇽 Bohemians · Mexico
1541
-16
🇩🇪 Persians · Germany
1523
-15
🇺🇸 Varangians · United States
1520
-15
Yun
1:25 Loom
19:58 Feudal Age
21:49 Double-Bit Axe
22:02 Fletching
30:09 Castle Age
29:59 Wheelbarrow
31:31 Bow Saw
32:29 Fervor
32:17 Horse Collar
33:29 Heavy Plow
35:50 Chemistry
37:04 Town Watch
38:41 Hand Cart
41:47 Imperial Age
40:46 Caravan
42:44 Padded Archer Armor
43:08 Conscription
47:19 Bodkin Arrow
47:40 Leather Archer Armor
46:48 Elite Skirmisher
48:36 Ballistics
49:32 Bracer
50:21 Houfnice
51:44 Ring Archer Armor
53:54 Two-Man Saw
53:14 Siege Engineers
53:19 Masonry
55:03 Elite Hussite Wagon
Sammy
3:30 Loom
11:48 Feudal Age
12:46 Double-Bit Axe
15:44 Castle Age
13:41 Horse Collar
16:37 Bow Saw
16:52 Heavy Plow
23:35 Wheelbarrow
24:28 Hand Cart
26:35 Husbandry
26:45 Bloodlines
30:34 Imperial Age
29:25 Scale Barding Armor
29:30 Forging
29:17 Gold Mining
30:26 Chain Barding Armor
31:11 Conscription
30:26 Cavalier
31:44 Town Watch
32:38 Iron Casting
32:39 Plate Barding Armor
33:07 Two-Man Saw
32:46 Crop Rotation
32:05 Savar
34:43 Blast Furnace
48:48 Caravan
Rabe3000
9:45 Feudal Age
10:24 Double-Bit Axe
14:12 Bloodlines
21:15 Castle Age
21:54 Horse Collar
22:29 Bow Saw
23:28 Heavy Plow
27:46 Wheelbarrow
27:03 Town Watch
30:15 Hand Cart
34:01 Imperial Age
31:53 Scale Mail Armor
32:03 Forging
33:55 Chain Mail Armor
34:32 Iron Casting
34:39 Arson
35:56 Plate Mail Armor
36:12 Heavy Plow
36:26 Elite Varangian Guard
39:04 Two-Man Saw
40:49 Blast Furnace
39:15 Gothikon
48:45 Fletching
48:59 Caravan
51:21 Pikeman
51:47 Gambesons
53:17 Squires
53:22 Halberdier
55:40 Capped Ram
DoubleZX
2:10 Loom
19:51 Feudal Age
24:01 Castle Age
22:04 Double-Bit Axe
22:11 Horse Collar
22:45 Gold Mining
25:07 Fletching
26:09 Wheelbarrow
25:56 Bodkin Arrow
32:15 Fortified Wall
36:40 Imperial Age
34:33 Ballistics
36:11 Hand Cart
36:55 Bow Saw
38:24 Chemistry
37:53 Bracer
41:31 Bloodlines
41:58 Husbandry
42:48 Padded Archer Armor
42:58 Elite Skirmisher
43:57 Thumb Ring
44:31 Conscription
45:28 Kasbah
46:30 Leather Archer Armor
46:46 Siege Engineers
49:06 Ring Archer Armor
48:14 Light Cavalry
49:02 Scale Barding Armor
49:08 Forging
49:28 Caravan
49:02 Elite Camel Archer
49:44 Maghrebi Camels
50:46 Heavy Plow
50:16 Hussar
52:14 Chain Barding Armor
53:54 Plate Barding Armor
The Flying Dutch Saucer
1:16 Loom
22:37 Feudal Age
24:07 Feudal Age
24:51 Horse Collar
24:59 Double-Bit Axe
28:01 Wheelbarrow
30:28 Castle Age
31:22 Castle Age
33:21 Bow Saw
36:04 Imperial Age
35:33 Chemistry
35:43 Caravan
37:59 Two-Man Saw
44:14 Pikeman
44:18 Houfnice
45:12 Siege Engineers
47:47 Padded Archer Armor
47:48 Scale Mail Armor
49:56 Chain Mail Armor
49:56 Leather Archer Armor
50:11 Halberdier
51:23 Plate Mail Armor
flem.TheLastBender
10:11 Feudal Age
14:11 Castle Age
14:34 Wheelbarrow
14:35 Scale Barding Armor
14:28 Double-Bit Axe
14:23 Horse Collar
19:43 Bow Saw
23:28 Wheelbarrow
22:48 Loom
24:08 Heavy Plow
23:58 Gold Mining
28:26 Sanctity
30:56 Imperial Age
29:34 Squires
29:46 Scale Mail Armor
29:56 Forging
30:05 Pikeman
31:01 Chain Mail Armor
31:46 Hand Cart
31:17 Town Watch
31:25 Stone Mining
32:45 Chemistry
31:56 Masonry
32:25 Iron Casting
33:16 Plate Mail Armor
33:05 Fletching
33:39 Conscription
34:38 Blast Furnace
33:32 Halberdier
34:44 Caravan
34:56 Onager
36:56 Siege Onager
37:49 Masonry
37:56 Detinets
38:27 Man-at-Arms
39:08 Druzhina
39:31 Bodkin Arrow
38:59 Long Swordsman
40:35 Coinage
39:56 Two-Handed Swordsman
40:36 Champion
41:44 Block Printing
41:40 Redemption
42:22 Banking
43:31 Heavy Scorpion
47:42 Ballistics
47:41 Siege Engineers
49:59 Hoardings
48:47 Elite Boyar
50:25 Chain Barding Armor
50:06 Husbandry
50:17 Bloodlines
52:47 Plate Barding Armor
Jolatis
9:13 Loom
10:58 Feudal Age
11:20 Loom
16:09 Castle Age
15:54 Scale Mail Armor
16:01 Gold Mining
16:00 Double-Bit Axe
16:02 Horse Collar
22:01 Bow Saw
23:30 Wheelbarrow
23:19 Forging
27:11 Heavy Plow
30:30 Imperial Age
28:36 Arson
28:51 Squires
28:12 Pikeman
29:31 Chain Mail Armor
29:24 Gambesons
30:16 Iron Casting
30:32 Hand Cart
30:39 Halberdier
35:00 Plate Mail Armor
35:30 Blast Furnace
35:46 Masonry
37:45 Caravan
38:54 Gold Shaft Mining
38:12 Stone Mining
38:06 Elite Varangian Guard
38:48 Hamask
40:26 Coinage
40:43 Conscription
40:29 Onager
42:07 Banking
43:07 Siege Onager
44:43 Northmen's Fury
49:29 Siege Engineers
49:03 Capped Ram
50:21 Siege Ram
55:21 Hoardings
55:54 Heavy Scorpion
bosaap12
0:44 Loom
24:05 Feudal Age
28:00 Castle Age
26:13 Double-Bit Axe
26:46 Horse Collar
29:39 Bow Saw
36:35 Wheelbarrow
40:28 Imperial Age
37:54 Gold Mining
38:52 Fletching
39:16 Padded Archer Armor
39:53 Bodkin Arrow
41:02 Gold Shaft Mining
40:58 Leather Archer Armor
40:44 Stone Mining
42:00 Bracer
43:09 Husbandry
43:19 Bloodlines
43:32 Bracer
45:58 Ballistics
48:32 Ring Archer Armor
49:09 Chemistry
48:02 Elite Camel Archer
50:04 Hand Cart
51:18 Caravan
53:12 Maghrebi Camels
53:33 Conscription
54:22 Coinage
53:59 Kasbah
Connection lost

Rejoining the realm…

Still unreachable

The connection could not be restored.

Session expired

The server has moved on; the page needs a fresh start.